 Dungeon Crawl Stone Soup version 0.22-a0-348-gd16d139 (webtiles) character file.

326 Amnesiac the Sneak (level 6, -9/30 HPs)
             Began as a Spriggan Assassin on Apr 9, 2018.
             Killed by nerve-wracking pain
             ... invoked by an orc priest
              (10 damage)
             ... on level 4 of the Dungeon.
             The game lasted 00:06:32 (4100 turns).

Amnesiac the Sneak (Spriggan Assassin)              Turns: 4100, Time: 00:06:33

Health: -9/30      AC:  3    Str:  9    XL:     6   Next: 24%
Magic:  7/7        EV: 20    Int: 13    God:
Gold:   156        SH:  0    Dex: 17    Spells: 5/5 levels left

rFire    + . .     SeeInvis +   w - +3 hunting sling (freeze)
rCold    . . .     Gourm    .   (shield restricted)
rNeg     . . .     Faith    .   c - +0 robe
rPois    .         Spirit   .   (helmet restricted)
rElec    .         Reflect  .   d - +0 cloak
rCorr    .         Harm     .   (gloves unavailable)
MR       +....                  (boots unavailable)
Stlth    +++.......             (no amulet)
HPRegen  0.10/turn              k - ring of protection from fire
MPRegen  0.10/turn              (no ring)

@: slowed, quick
A: very small, unfitting armour, see invisible, herbivore, speed 3, slow
metabolism 2
a: no special abilities


You were on level 4 of the Dungeon.
You were not hungry.

You visited 1 branch of the dungeon, and saw 4 of its levels.

You collected 156 gold pieces.

Inventory:

Hand Weapons
 a - a +1 dagger of venom
 b - a +0 blowgun
 s - a +2 dagger
 w - a +3 hunting sling of freezing (weapon)
Missiles
 e - 8 poisoned needles
 f - 2 curare-tipped needles
 l - 72 stones (quivered)
 m - 35 sling bullets
 p - 2 throwing nets
Armour
 c - a +0 robe (worn)
 d - a +0 cloak (worn)
Jewellery
 k - a ring of protection from fire (left hand)
Potions
 h - a potion of brilliance {!q, unknown}
 i - a potion of curing {!q}
 j - a potion of agility {!q, unknown}
 n - 2 potions of flight {!q, unknown}
 o - a potion of resistance {!q, unknown}
 q - a potion of magic {!q}
Comestibles
 g - 3 rations


   Skills:
 - Level 1.5 Fighting
 + Level 3.9 Short Blades
 * Level 4.8 Throwing
 + Level 4.8 Dodging
 - Level 6.0 Stealth


You had 5 spell levels left.
You didn't know any spells.

Dungeon Overview and Level Annotations

Branches:
Dungeon (4/15)
 Temple: D:4-7

Altars:
Ashenzari
Gozag
Hepliaklqana
Nemelex Xobeh
Ru
Yredelemnul


Innate Abilities, Weirdness & Mutations

You are very small and have problems with some larger weapons.
You are too small for most types of armour.
You have supernaturally acute eyesight. (SInv)
You are a herbivore.
You cover ground extremely quickly.
You need to consume almost no food.


Message History

Press: ? - help, Shift-Dir - straight line, f/p - orc wizard
Aim: an orc wizard, wielding a dagger and wearing a robe (lightly wounded)
You shoot a stone.
The stone hits the orc wizard but does no damage.
The orc wizard is lightly wounded.
The orc wizard misses you.
Firing (i - inventory. (/) - cycle)
l - 77 stones (quivered)
Press: ? - help, Shift-Dir - straight line, f/p - orc wizard
Aim: an orc wizard, wielding a dagger and wearing a robe (lightly wounded)
You shoot a stone.
The stone closely misses the orc wizard.
The orc wizard hits you with a dagger.
Firing (i - inventory. (/) - cycle)
l - 76 stones (quivered)
Press: ? - help, Shift-Dir - straight line, f - orc priest, p - orc wizard
Aim: an orc priest, wielding a whip (heavily wounded)
You shoot a stone.
The stone closely misses the orc priest.
The stone hits the leopard gecko.
The stone freezes the leopard gecko.
You kill the leopard gecko!
The orc wizard completely misses you.
Firing (i - inventory. (/) - cycle)
l - 75 stones (quivered)
Press: ? - help, Shift-Dir - straight line, f/p - orc priest
Aim: an orc priest, wielding a whip (heavily wounded)
You shoot a stone. The orc priest shouts!
The stone hits the orc priest.
The stone freezes the orc priest.
The orc priest is almost dead.
The orc wizard hits you with a dagger.
The orc priest mumbles some strange prayers to Beogh against you.
Beogh smites you!
Ouch! That really hurt!
* * * LOW HITPOINT WARNING * * *
The orc wizard gestures at you while chanting.
You feel yourself slow down.
Firing (i - inventory. (/) - cycle)
l - 74 stones (quivered)
Press: ? - help, Shift-Dir - straight line, f/p - orc priest
Aim: an orc priest, wielding a whip (almost dead)
Okay, then.
Really quaff
i - 2 pink potions {!q}?
It was a potion of curing {!q}.
You feel better.
Firing (i - inventory. (/) - cycle)
l - 74 stones (quivered)
Press: ? - help, Shift-Dir - straight line, f/p - orc priest
Aim: an orc priest, wielding a whip (almost dead)
You shoot a stone.
The stone hits the orc priest but does no damage.
The orc priest is almost dead.
The orc wizard mumbles some strange words.
The orc wizard seems to speed up.
The orc priest closely misses you. The orc wizard hits you with a dagger.
* * * LOW HITPOINT WARNING * * *
Firing (i - inventory. (/) - cycle)
l - 73 stones (quivered)
Press: ? - help, Shift-Dir - straight line, f/p - orc priest
Aim: an orc priest, wielding a whip (almost dead)
You shoot a stone. The stone hits the orc priest.
The stone freezes the orc priest.
You kill the orc priest!
The orc wizard hits you with a dagger.
* * * LOW HITPOINT WARNING * * *
The orc wizard casts a spell at you. The magic dart hits you!
* * * LOW HITPOINT WARNING * * *
The orc priest mumbles some strange prayers to Beogh against you.
Pain shoots through your body!
You die...

#((### ####.....#........#
##(..###(....###..........
##)........## #..........
##..(.......## ##.........
##.....(......# #.........
##......o(.....##
#.........
##........((...>.#
##........
#..........)o....##
#........
#..........(@.(...#
#........
#..........).......#
##.....##
#..................##
#######
#............<....(.#
##...............(.##
###..............##
##............##
###........### ##########


You could see an orc priest and an orc wizard.

Vanquished Creatures
  2 orc priests (D:4)
  4 orc wizards (D:4)
  8 adders
  4 worms
  A dart slug (D:1)
  2 leopard geckos
  5 orcs
  A ball python (D:2)
  3 giant cockroaches
  8 goblins
  10 hobgoblins
  3 jackals (D:1)
  A quokka (D:2)
  9 bats
  4 frilled lizards
  6 kobolds
  6 rats
  A spectral orc (D:3)
78 creatures vanquished.

Notes
Turn   | Place    | Note
-------+----------+-------------------------------------------
     0 | D:1      | Amnesiac the Spriggan Assassin began the quest for the Orb.
     0 | D:1      | Reached XP level 1. HP: 10/10 MP: 2/2
    22 | D:1      | Reached skill level 6 in Stealth
   303 | D:1      | Reached XP level 2. HP: 10/14 MP: 3/3
  1017 | D:1      | Reached XP level 3. HP: 14/18 MP: 4/4
  1932 | D:2      | Reached XP level 4. HP: 22/22 MP: 5/5
  2070 | D:2      | Found a sacrificial altar of Ru.
  2204 | D:2      | Found a shattered altar of Ashenzari.
  2578 | D:2      | Found a sparkling altar of Nemelex Xobeh.
  2928 | D:3      | Found a hazy altar of Hepliaklqana.
  3497 | D:3      | Reached XP level 5. HP: 22/25 MP: 6/6
  3553 | D:3      | Found a basalt altar of Yredelemnul.
  3634 | D:4      | Found an opulent altar of Gozag.
  3917 | D:4      | Reached XP level 6. HP: 18/30 MP: 7/7
  4096 | D:4      | HP: 1/30 [orc priest/divine providence (15)]
  4100 | D:4      | Killed from afar by an orc priest

Vault maps used:
D:1:      giann_bridges
D:2:      lemuel_coloured_pillars_altar, evilmike_ruin_ashenzari,
          nemelex_xobeh_ov_fountains_minmay
D:3:      lemuel_doored_altar, yredelemnul_forgotten_temple_becter
D:4:      nicolae_gozag_seed_capital

Skill      XL: |  1  2  3  4  5 |
---------------+----------------+-----
Stealth        | 6 |  6.0
Dodging        | 2 3 4 |  4.8
Throwing       | 3 4 |  4.8
Short Blades   | 3 |  3.9
Fighting       | |  1.5

Action                   |  1- 3 |  4- 6 || total
-------------------------+-------+-------++-------
Melee: Dagger            |   108 |    99 ||   207
 Fire: Blowgun           |     7 |     2 ||     9
       Hunting sling     |       |    72 ||    72
  Use: Scroll            |       |     4 ||     4
       Potion            |       |     1 ||     1
 Stab: Sleeping          |    11 |     5 ||    16
       Distracted        |     1 |       ||     1
  Eat: Ration            |       |     1 ||     1
Armor: Robe              |     9 |     6 ||    15
Dodge: Dodged            |    81 |    83 ||   164

Table legend:
 A = Spawn XP
 B = Non-spawn XP
 C = Spawn XP percentage of total XP
 D = Spawn monster count
 E = Non-spawn monster count
 F = Spawn count percentage of total count
 G = Total turns spent on level
                    A         B        C        D         E        F      G
               +---------+---------+-------+---------+---------+-------+---------
         Total |       0 |     467 |   0.0 |       0 |      78 |   0.0 |  4100
               +---------+---------+-------+---------+---------+-------+---------
           D:1 |       0 |      47 |   0.0 |       0 |      21 |   0.0 |  1200
           D:2 |       0 |      78 |   0.0 |       0 |      24 |   0.0 |  1580
           D:3 |       0 |      74 |   0.0 |       0 |      20 |   0.0 |   836
           D:4 |       0 |     268 |   0.0 |       0 |      13 |   0.0 |   484
               +---------+---------+-------+---------+---------+-------+---------
